 Dungeon Crawl Stone Soup version 0.30-a0-1116-gebefce21f7 (webtiles) character file.

Game seed: 15094568891772199219

1145 Newt the Trooper (level 8, 0/57 HPs)
             Began as a Demonspawn Gladiator on Apr 21, 2023.
             Was a Follower of Hepliaklqana.
             Slain by a cyan ugly thing (17 damage)
             ... on level 6 of the Dungeon.
             The game lasted 00:07:17 (7354 turns).

Newt the Trooper (Demonspawn Gladiator)             Turns: 7354, Time: 00:07:18

Health: 0/57       AC:  5    Str: 17    XL:     8   Next: 15%
Magic:  8/8        EV: 12    Int: 11    God:    Hepliaklqana [*.....]
Gold:   360        SH:  0    Dex: 10    Spells: 7/7 levels left

rFire   . . .      SeeInvis .    m - +1 short sword "Bippeah" {heavy, Fragile rN++ Will+++ Int+2 Dex-5}
rCold   . . .      Faith    .    (no shield)
rNeg    + + .      Spirit   .    b - +0 leather armour
rPois   .          Reflect  .    (helmet restricted)
rElec   .          Rampage  .    o - scarf {repulsion}
rCorr   +                        (no gloves)
Will    +++..                    (no boots)
Stlth   +                        (no amulet)
HPRegen 0.29/turn                s - ring of resist corrosion
MPRegen 0.11/turn                (no ring)

@: slowed, repel missiles, very slow
A: reduced essence, horns 2, yellow scales 1, powered by death 1
a: Renounce Religion, Recall Ancestor, Ancestor Identity


You were on level 6 of the Dungeon.
You worshipped Hepliaklqana.
Hepliaklqana was aware of your devotion.
You visited 1 branch of the dungeon, and saw 7 of its levels.

You collected 360 gold pieces.

Inventory:

Hand Weapons
 a - a +0 rapier
 h - a +2 dagger of pain
 m - the +1 short sword "Bippeah" (weapon) {heavy, Fragile rN++ Will+++ Int+2 Dex-5}
   (You found it on level 3 of the Dungeon)

   Int:       It affects your intelligence (+2).
   Dex:       It affects your dexterity (-5).
   rN:        It greatly protects you from negative energy.
   Fragile:   It will be destroyed if unequipped.
   Will:      It greatly increases your willpower.
 B - a +3 whip
Missiles
 d - 3 throwing nets (quivered)
 e - 5 javelins
Armour
 b - a +0 leather armour (worn)
 c - a +1 helmet
 o - a scarf of repulsion (worn)
Jewellery
 s - a ring of resist corrosion (left hand)
 v - the ring of Atoaku {Fly Slay+2}
   (You found it on level 6 of the Dungeon)

   [ring of flight]

   Slay:      It affects your accuracy & damage with ranged weapons and melee
   (+2).
   Fly:       It grants you flight.
Wands
 C - a wand of digging (2)
Scrolls
 f - a scroll of teleportation
 l - 2 scrolls of fog
 t - a scroll of magic mapping
 u - a scroll of enchant armour
 y - a scroll of enchant weapon
Potions
 g - a potion of magic
 i - 2 potions of brilliance
 n - a potion of mutation
 p - 3 potions of haste
 q - 3 potions of ambrosia
 r - 2 potions of lignification {unknown}
 w - a potion of curing {unknown}
 x - 2 potions of might {unknown}
 z - a potion of degeneration {unknown}
 A - 2 potions of berserk rage {unknown}


   Skills:
 - Level 6.0 Fighting
 - Level 2.6(3.1) Short Blades
 + Level 2.3(3.0) Long Blades
 - Level 1.1 Maces & Flails
 - Level 5.0 Throwing
 - Level 3.0 Armour
 - Level 4.0 Dodging


You had 7 spell levels left.
You didn't know any spells.
Your spell library contained the following spells:

 Spells                   Type           Power      Damage    Failure   Level
 Static Discharge         Conj/Air       0%         2-2/arc   54%         2
 Airstrike                Air            0%         2d(0-16)  99%         4
 Summon Lightning Spire   Summ/Air       0%         N/A       99%         4


Dungeon Overview and Level Annotations

Branches:
Dungeon (7/15)
 Temple: D:4-7

Altars:
Ashenzari
Cheibriados
Hepliaklqana
Kikubaaqudgha
Nemelex Xobeh
Ru
Sif Muna
Vehumet
Wu Jian
Xom
Yredelemnul

Shops:
D:6 (


Innate Abilities, Weirdness & Mutations

Your life essence is reduced to manifest your ancestor. (-10% HP)
You have a pair of horns on your head.
You are partially covered in yellow scales. (AC +2)
You regenerate a little health from kills.


Message History

You hit the cyan ugly thing.
The cyan ugly thing is lightly wounded.
The wraith hits Xochitl!
The wraith drains Xochitl's vigour!
Xochitl seems to slow down.
Xochitl hits the cyan ugly thing but does no damage.
The cyan ugly thing struggles against the net.
You puncture the cyan ugly thing!
The cyan ugly thing is moderately wounded.
The cyan ugly thing struggles against the net.
Xochitl hits the cyan ugly thing.
The wraith hits you. The wraith drains your vigour!
You feel yourself slow down.
The cyan ugly thing struggles against the net.
The net rips apart, and the cyan ugly thing comes free!
You hit the cyan ugly thing but do no damage.
The cyan ugly thing is moderately wounded.
The wraith closely misses you.
Xochitl barely misses the cyan ugly thing.
The cyan ugly thing pecks you but does no damage.
The wraith hits you. The wraith drains your vigour!
You feel as though you will be slow longer.
Xochitl closely misses the cyan ugly thing.
The cyan ugly thing closely misses you.
You hit the cyan ugly thing but do no damage.
You headbutt the cyan ugly thing.
The cyan ugly thing is heavily wounded.
The wraith hits you. The wraith drains your vigour!
You feel as though you will be slow longer.
The cyan ugly thing misses you.
Xochitl closely misses the cyan ugly thing.
The wraith misses you.
You barely miss the cyan ugly thing.
The cyan ugly thing is heavily wounded.
Xochitl is no longer moving slowly.
The cyan ugly thing pecks you. The cyan ugly thing shocks you!
The wraith closely misses you.
Xochitl hits the cyan ugly thing but does no damage.
The cyan ugly thing pecks you!
* * * LOW HITPOINT WARNING * * *
The cyan ugly thing shocks you!
You die...

...#≈...≈# #...# #.##.#.###
.###≈...≈# #...# #.##.....# .#
#≈...≈# #...# #.####.#.#
.###≈...≈# #...# #......#.#
...#≈...≈######...#####.###.####
######.###.............####.'∩###
#.# #.[..)[......(...######. #_#
#.......R((...##.##.#.#. ####
#####.<@u.####..#....... ### #.#
#...W.# ##...###.## ..###.#
#.....# #######.# ...##.# #.....#
#.....# #..##.# #.....# #.######
#..##.# #.....# ####.#.....
....†.###### #.....# #....[.####
...###.....####...### #.##.#.#
##.# #.#.#.##.......# #.##...#


You could see the friendly Xochitl the ancestor, a cyan ugly thing (very
poisoned, ally target) and a wraith.

Vanquished Creatures
  A black bear (D:6)
  An ogre (D:4)
  A phantom (D:6)
  4 scorpions
  A jelly (D:6)
  An orc priest (D:4)
  A hound (D:5)
  3 orc wizards
  2 iguanas
  4 adders
  11 gnolls
  2 shadow imps (D:6)
  An ufetubus (D:5)
  3 dart slugs
  5 orcs
  4 endoplasms
  A giant cockroach (D:3)
  4 goblins
  5 hobgoblins
  9 kobolds
  3 quokkas
  6 ball pythons
  4 frilled lizards
  2 rats
  2 rat zombies (D:6)
81 creatures vanquished.

Vanquished Creatures (collateral kills)
  A water moccasin (D:6)
  A gnoll sergeant (D:6)
  A sleepcap (D:5)
  An ufetubus (D:5)
  2 orcs (D:5)
6 creatures vanquished.

Vanquished Creatures (others)
  2 ancestors
2 creatures vanquished.

Grand Total: 89 creatures vanquished

Notes
Turn   | Place    | Note
-------+----------+-------------------------------------------
     0 | D:1      | Newt the Demonspawn Gladiator began the quest for the Orb.
     0 | D:1      | Reached XP level 1. HP: 16/16 MP: 1/1
   293 | D:1      | Gained mutation: You are partially covered in yellow
                  | scales. (AC +2) [demonic ancestry]
   293 | D:1      | Reached XP level 2. HP: 20/23 MP: 2/2
   654 | D:2      | Reached skill level 3 in Fighting
   701 | D:2      | Reached XP level 3. HP: 26/30 MP: 3/3
   798 | D:2      | Reached skill level 4 in Fighting
  1409 | D:3      | Identified the +1 short sword "Bippeah" {heavy, Fragile
                  | rN++ Will+++ Int+2 Dex-5}
  1474 | D:3      | Gained mutation: You have a pair of small horns on your
                  | head. [demonic ancestry]
  1474 | D:3      | Reached XP level 4. HP: 37/37 MP: 4/4
  2454 | D:4      | Gained mutation: You have a pair of horns on your head.
                  | [demonic ancestry]
  2454 | D:4      | Reached XP level 5. HP: 15/42 MP: 5/5
  3649 | D:4      | Found a hazy altar of Hepliaklqana.
  3660 | D:4      | Became a worshipper of Hepliaklqana the Forgotten
  3700 | D:4      | Gained mutation: You regenerate a little health from kills.
                  | [demonic ancestry]
  3700 | D:4      | Reached XP level 6. HP: 25/48 MP: 6/6
  4289 | D:4      | Found a snail-covered altar of Cheibriados.
  4314 | D:5      | Entered Level 5 of the Dungeon
  4336 | D:5      | Reached skill level 5 in Throwing
  4336 | D:5      | Reached skill level 1 in Armour
  4388 | D:5      | Found a shimmering blue altar of Sif Muna.
  4389 | D:5      | Found a basalt altar of Yredelemnul.
  4390 | D:5      | Found an ornate altar of the Wu Jian Council.
  4391 | D:5      | Found a sacrificial altar of Ru.
  4424 | D:5      | You fall into a shaft and drop 1 floor!
  4425 | D:6      | Found Edghuosk's Weapon Shop.
  4631 | D:6      | Identified the ring of Atoaku {Fly Slay+2}
  4719 | D:6      | Reached XP level 7. HP: 47/54 MP: 7/7
  5438 | D:5      | Reached * piety under Hepliaklqana
  5491 | D:5      | Found a broken altar of Ashenzari.
  5741 | D:5      | Reached skill level 5 in Fighting
  5749 | D:5      | Found a sparkling altar of Nemelex Xobeh.
  5791 | D:5      | Found a radiant altar of Vehumet.
  5855 | D:5      | Found a shimmering altar of Xom.
  6384 | D:6      | Reached skill level 6 in Fighting
  6384 | D:6      | Reached skill level 1 in Maces & Flails
  6704 | D:6      | Found an ancient bone altar of Kikubaaqudgha.
  6767 | D:6      | Reached skill level 1 in Long Blades
  6767 | D:6      | Reached XP level 8. HP: 11/57 MP: 8/8
  7120 | D:7      | Noticed a cyan ugly thing
  7120 | D:7      | Noticed a boulder beetle
  7354 | D:6      | Slain by a cyan ugly thing

Illustrated notes

Levels and vault maps discovered:
D:1:      mrwooster_arrival_statue, layout_basic, minivault_25
D:2:      layout_loops_ring
D:3:      minmay_door_path, layout_rooms, dreamdust_princess_corridor,
          minmay_misc_feat_diagonals
D:4:      layout_rooms, old_standard_altar, mainiacjoe_overflow_surrounded_room,
          minmay_misc_feat_roman
D:5:      layout_rooms, elyvilon_altar_3, zin_statuary, xom_teletrap_fun,
          evilmike_ruin_ashenzari, mainiacjoe_overflow_two_lobes,
          mainiacjoe_overflow_alcove_3
D:6:      layout_loops_cross, lemuel_zombie_altar_kikubaaqudgha, serial_shops,
          nicolae_shop_tiny_glass, kennysheep_cross_bottleneck
D:7:      layout_basic, kennysheep_okawaru_gauntlet,
          mainiacjoe_overflow_chevrons, minmay_temple_entry_offerings,
          minmay_manual_mess

Skill      XL: |  1  2  3  4  5  6  7  8 |
---------------+-------------------------+-----
Fighting       | 3 4 6 |  6.0
Dodging        | 3 4 |  4.0
Throwing       | 2 4 5 |  5.0
Armour         | 1 3 |  3.0
Maces & Flails | 1 |  1.1
Long Blades    | 1 2 |  2.3
Short Blades   | |  2.6

Action                     |  1- 3 |  4- 6 |  7- 9 || total
---------------------------+-------+-------+-------++-------
  Melee: Rapier            |    73 |       |       ||    73
         Punch             |     1 |       |     1 ||     2
         Dagger            |    49 |       |       ||    49
         Short sword       |       |   130 |    96 ||   226
         Headbutt          |       |    13 |    20 ||    33
  Throw: Dart              |     2 |    14 |    19 ||    35
         Javelin           |     1 |     1 |       ||     2
         Throwing net      |       |       |     1 ||     1
    Use: Scroll            |    10 |     3 |     2 ||    15
         Potion            |       |       |     1 ||     1
   Stab: Sleeping          |     1 |       |       ||     1
 Armour: Leather armour    |    38 |    52 |    29 ||   119
  Dodge: Dodged            |    74 |   124 |    99 ||   297
         Repelled          |       |     1 |       ||     1

Table legend: (Time is in decaauts)
 A = Elapsed time spent in this place.
 B = Non-inter-level travel time spent in this place.
 C = Inter-level travel time spent in this place.
 D = Time resting spent in this place.
 E = Time spent auto-exploring this place.
 F = Levels seen in this place.
 G = Mean time per level.
                   A        B        C        D        E       F      G
               +--------+--------+--------+--------+--------+-----+--------+
         Total |   7404 |   7240 |    164 |   3072 |   3222 |   7 | 1057.7 |
       Dungeon |   7404 |   7240 |    164 |   3072 |   3222 |   7 | 1057.7 |
               +--------+--------+--------+--------+--------+-----+--------+

Top non-repeatable levels by time:
     D:3: 1892 daAuts
     D:6: 1647 daAuts
     D:5: 1391 daAuts
     D:4: 1147 daAuts
     D:2: 659 daAuts
     D:1: 652 daAuts
     D:7: 14 daAuts
